 Dungeon Crawl Stone Soup version 0.21.1-1-g345015fe64 (console) character file.

4461 Kloppie the Fighter (level 10, -26/104 HPs)
             Began as a Troll Fighter on May 4, 2018.
             Was an Elder of Makhleb.
             Annihilated by a two-headed ogre
             ... wielding a +0 giant spiked club
              (28 damage)
             ... on level 8 of the Dungeon.
             The game lasted 00:12:03 (6178 turns).

Kloppie the Fighter (Troll Fighter)                 Turns: 6178, Time: 00:12:03

Health: -26/104    AC:  8    Str: 26    XL:     10   Next: 15%
Magic:  12/12      EV: 10    Int:  4    God:    Makhleb [****..]
Gold:   362        SH:  3    Dex: 12    Spells: 9/9 levels left

rFire    . . .     SeeInvis .     - Unarmed
rCold    . . .     Gourm    +   (no shield)
rNeg     . . .     Faith    .   C - +0 steam dragon scales
rPois    .         Spirit   .   (helmet restricted)
rElec    .         Reflect  +   (no cloak)
rCorr    .         Harm     .   (gloves unavailable)
MR       +....                  (boots unavailable)
Stlth    +.........             g - +3 amulet of reflection
HPRegen  0.67/turn              A - +5 ring of slaying
MPRegen  0.13/turn              j - ring of protection from magic

@: lethally poisoned (-26 -> -26)
A: large, unfitting armour, claws 3, fast metabolism 3, gourmand, regeneration
1, shaggy fur 1, tough skin 2
a: Minor Destruction, Lesser Servant of Makhleb, Major Destruction, Renounce
Religion


You were on level 8 of the Dungeon.
You worshipped Makhleb.
Makhleb was greatly pleased with you.
You were completely stuffed.

You visited 2 branches of the dungeon, and saw 9 of its levels.
You also visited: Sewer and Ossuary.

You collected 362 gold pieces.

Inventory:

Armour
 b - a +0 shield
 C - +0 steam dragon scales (worn)
Jewellery
 f - an uncursed ring of resist corrosion
 g - a +3 amulet of reflection (around neck)
 j - a ring of protection from magic (right claw)
 p - an uncursed ring of flight
 A - a +5 ring of slaying (left claw)
Wands
 a - a wand of enslavement (10)
 x - a wand of polymorph (12)
 F - a wand of acid (9)
Scrolls
 i - 4 scrolls of teleportation
 k - 4 scrolls of amnesia
 q - 2 scrolls of fear
 r - 3 scrolls of remove curse
 t - 5 scrolls of magic mapping
 y - a scroll of fog
 D - a scroll of enchant weapon
Potions
 c - 2 potions of might
 e - 2 potions of resistance
 h - 3 potions of lignification
 l - 2 potions of heal wounds
 m - 6 potions of curing
 o - a potion of cancellation
 s - 2 potions of invisibility
 u - 3 potions of magic
 w - a potion of brilliance
 B - a potion of agility {unknown}
 E - a potion of berserk rage {unknown}
Books
 n - a book of Cantrips

   Spells                             Type                      Level
   a - Confusing Touch                Hexes                        1
   b - Animate Skeleton               Necromancy                   1
   c - Summon Small Mammal            Summoning                    1
   d - Apportation                    Translocation                1
Comestibles
 d - 16 rations
 v - 12 chunks of flesh


   Skills:
 + Level 8.2 Fighting
 - Level 2.4 Dodging
 + Level 7.0 Shields
 - Level 7.3 Unarmed Combat
 - Level 4.3 Invocations


You had 9 spell levels left.
You didn't know any spells.

Dungeon Overview and Level Annotations

Branches:
Dungeon (8/15)             Temple (1/1) D:4
   Lair: D:8-11

Altars:
Cheibriados
Dithmenos
Elyvilon
Gozag
Hepliaklqana
Kikubaaqudgha
Makhleb
Nemelex Xobeh
Okawaru
Qazlal
Ru
Sif Muna
Vehumet
Wu Jian
Xom
Yredelemnul

Shops:
D:7 *

Annotations:
D:6 1 runed door


Innate Abilities, Weirdness & Mutations

You are too large for most types of armour.
You have claws for hands.
Your metabolism is lightning-fast.
You like to eat raw meat.
Your natural rate of healing is unusually fast.
You are covered in fur. (AC +1)
You have very tough skin. (AC +2)


Message History

You feel sick.
You scratch the two-headed ogre.
The two-headed ogre is lightly wounded.
The two-headed ogre hits you with a giant spiked club!!
* * * LOW HITPOINT WARNING * * *
The two-headed ogre hits you with a giant club!
* * * LOW HITPOINT WARNING * * *
You claw the two-headed ogre!
The two-headed ogre is moderately wounded.
You scratch the two-headed ogre.
The two-headed ogre is moderately wounded.
You feel sick.
The two-headed ogre hits you with a giant spiked club!
* * * LOW HITPOINT WARNING * * *
The two-headed ogre hits you with a giant club!!
* * * LOW HITPOINT WARNING * * *
You barely miss the two-headed ogre.
The two-headed ogre is moderately wounded.
The two-headed ogre hits you with a giant spiked club!!
You die...

.. #.. #. #.# .
#.####.# ... #####
#...s#.##..... #...#
##o#...)o._... # #.###
#o###......## ## #.#
#s# #.....## .. #.#
#O# #.....# # #.# #@#
#....... # #.# #.#
#####.### #.# #.# .# #
#.# #.# . # #.# #.# #
#.#############.# #
#.!........#....# #
####.#####.#.####
#####.#####......#####


You could see a two-headed ogre, a scorpion, an orc wizard and an orc.

Vanquished Creatures
  A two-headed ogre (D:8)
  The ghost of brittlin the Cleaver, a novice HOFi (D:7)
  Sigmund (D:6)
  A steam dragon (D:8)
  The ghost of Mrkan the Covered, an amateur GrFi of Ashenzari (D:4)
  A water moccasin (D:7)
  2 black bears (D:8)
  An orc warrior (D:6)
  4 ice beasts
  2 sky beasts
  2 ogres (D:7)
  2 centaurs (D:5)
  A phantom (D:5)
  A crocodile (D:5)
  3 scorpions
  4 wights (D:6)
  A bullfrog zombie (D:5)
  2 crimson imps
  3 hounds
  A jelly (D:7)
  6 orc wizards
  4 orc priests
  A bullfrog skeleton (D:8)
  An iguana (D:6)
  7 worker ants
  A killer bee zombie (D:8)
  3 hound skeletons
  3 mummies (Ossuary)
  4 gnolls
  13 adders
  An ooze (D:4)
  4 adder zombies
  4 worms
  2 dart slugs
  6 leopard geckos
  24 orcs
  6 bats
  10 giant cockroaches
  4 goblins
  7 hobgoblins
  7 jackals
  6 quokkas
  5 ball pythons
  16 frilled lizards
  3 goblin zombies (Ossuary)
  A hobgoblin zombie (Ossuary)
  A jackal skeleton (D:6)
  A jackal zombie (D:6)
  5 kobolds
  2 kobold zombies (Ossuary)
  An orc zombie (Ossuary)
  7 quokka zombies (Ossuary)
  17 rats
  2 rat zombies (Ossuary)
220 creatures vanquished.

Notes
Turn   | Place    | Note
-------+----------+-------------------------------------------
     0 | D:1      | Kloppie the Troll Fighter began the quest for the Orb.
     0 | D:1      | Reached XP level 1. HP: 22/22 MP: 0/0
   102 | D:1      | Reached XP level 2. HP: 27/29 MP: 1/1
   239 | D:1      | Reached skill level 3 in Fighting
   346 | D:1      | Reached XP level 3. HP: 37/37 MP: 2/2
   851 | D:2      | Reached XP level 4. HP: 43/45 MP: 3/3
  1140 | D:2      | Found a white marble altar of Elyvilon.
  1400 | D:3      | Reached XP level 5. HP: 28/54 MP: 4/4
  1466 | D:3      | Noticed an ice beast
  1486 | D:3      | Killed an ice beast
  1486 | D:3      | Reached skill level 4 in Fighting
  1803 | D:3      | Found an ancient bone altar of Kikubaaqudgha.
  1835 | D:4      | Reached XP level 6. HP: 60/62 MP: 5/5
  1843 | D:4      | Got a translucent tin ring
  1913 | D:4      | Found a staircase to the Ecumenical Temple.
  2453 | D:4      | Noticed Mrkan's ghost (amateur GrFi)
  2464 | D:4      | Killed Mrkan's ghost
  2464 | D:4      | Reached skill level 5 in Unarmed Combat
  2570 | D:4      | Identified the ring of Etuwaw {*Corrode rC+ MR+++ Int-3 SInv} (You found it on level 4 of the Dungeon)
  2594 | Temple   | Entered the Ecumenical Temple
  2647 | Temple   | Became a worshipper of Makhleb the Destroyer
  2676 | D:5      | Entered Level 5 of the Dungeon
  2684 | D:5      | Reached skill level 5 in Fighting
  2684 | D:5      | Reached XP level 7. HP: 60/72 MP: 6/6
  2690 | D:5      | Found a glowing drain.
  2703 | Sewer    | Entered a sewer
  3082 | D:5      | Reached * piety under Makhleb
  3087 | D:5      | Found a sand-covered staircase.
  3093 | Ossuary  | Entered an ossuary
  3420 | D:5      | Reached ** piety under Makhleb
  3493 | D:5      | Reached skill level 6 in Fighting
  3493 | D:5      | Reached XP level 8. HP: 83/83 MP: 7/7
  3730 | D:5      | Found a shadowy altar of Dithmenos.
  4031 | D:6      | Found a runed door.
  4213 | D:6      | Reached skill level 7 in Fighting
  4218 | D:6      | Reached *** piety under Makhleb
  4349 | D:6      | Noticed Sigmund
  4355 | D:6      | Killed Sigmund
  4355 | D:6      | Reached skill level 1 in Invocations
  4355 | D:6      | Reached XP level 9. HP: 81/93 MP: 8/8
  4450 | D:6      | Found a sparkling altar of Nemelex Xobeh.
  5011 | D:7      | Found the +8 orange crystal plate armour {Archmagi, Int+3 Clar}
  5120 | D:7      | Found Upuewanali's General Store.
  5217 | D:7      | Reached skill level 5 in Shields
  5317 | D:7      | Noticed brittlin's ghost (novice HOFi)
  5331 | D:7      | Killed brittlin's ghost
  5729 | D:8      | Noticed a two-headed ogre
  5735 | D:8      | Killed a two-headed ogre
  5740 | D:8      | Reached XP level 10. HP: 49/104 MP: 12/12
  5928 | D:8      | Reached skill level 8 in Fighting
  5989 | D:8      | Reached **** piety under Makhleb
  6152 | D:8      | Found an ornate altar of the Wu Jian Council.
  6160 | D:8      | Noticed a two-headed ogre
  6177 | D:8      | HP: 2/104 [two-headed ogre/giant spiked club (21)]
  6178 | D:8      | Annihilated by a two-headed ogre

Skill      XL: |  1  2  3  4  5  6  7  8  9 10 |
---------------+-------------------------------+-----
Fighting       | 3 4 5 6 7 8 |  8.2
Unarmed Combat | 3 4 5 6 7 |  7.3
Shields        | 4 6 7 |  7.0
Invocations    | 1 4 |  4.3
Dodging        | |  2.4

Action                   |  1- 3 |  4- 6 |  7- 9 | 10-12 || total
-------------------------+-------+-------+-------+-------++-------
Melee: Unarmed           |   111 |   133 |   310 |    42 ||   596
       Punch             |       |     2 |     6 |     1 ||     9
  Use: Scroll            |       |     9 |     8 |     2 ||    19
       Potion            |       |       |     3 |       ||     3
 Stab: Sleeping          |     2 |     2 |       |       ||     4
       Distracted        |       |       |     1 |       ||     1
  Eat: Chunk             |    13 |    17 |    29 |     4 ||    63
Armor: Robe              |    43 |    40 |    66 |     6 ||   155
       Skin              |       |       |     3 |       ||     3
       Steam dragon scal |       |       |       |    14 ||    14
Dodge: Dodged            |    54 |    72 |   105 |     9 ||   240
Block: Other             |       |       |    31 |     3 ||    34
       Reflection        |       |       |     1 |       ||     1
